 Dungeon Crawl Stone Soup version 0.29.1-12-g30fa7ad0bf (webtiles) character file.

Game seed: 9498657299306112338

6 xzight the Stinger (level 1, -1/13 HPs)
             Began as a Gnoll Wanderer on Dec 27, 2022.
             Frozen to death by an endoplasm (2 damage)
             ... on level 1 of the Dungeon.
             The game lasted 00:00:44 (224 turns).

xzight the Stinger (Gnoll Wanderer)                  Turns: 224, Time: 00:00:45

Health: -1/13      AC:  6    Str: 12    XL:     1   Next: 90%
Magic:  4/4        EV:  8    Int: 14    God:
Gold:   9          SH:  0    Dex:  7    Spells: 3/5 levels left

rFire   . . .      SeeInvis .   a - +0 club
rCold   . . .      Faith    .   (no shield)
rNeg    . . .      Spirit   .   e - +0 scale mail
rPois   .          Reflect  .   (no helmet)
rElec   .          Harm     .   (no cloak)
rCorr   .          Rampage  .   (no gloves)
Will    .....                   (no boots)
Stlth   ..........              (no amulet)
HPRegen 0.04/turn               (no ring)
MPRegen 0.09/turn               (no ring)

@: no status effects
A: fangs 1, strong nose, distributed training
a: no special abilities


You were on level 1 of the Dungeon.
You visited 1 branch of the dungeon, and saw 1 of its levels.

You collected 9 gold pieces.


Innate Abilities, Weirdness & Mutations

You have very sharp teeth.
Your uncanny sense of smell can sniff out nearby items.
Your experience applies equally to all skills.


   Skills:
 + Level 0.2 Fighting
 + Level 0.2 Short Blades
 + Level 0.2 Long Blades
 + Level 0.2 Axes
 + Level 0.2 Maces & Flails
 + Level 0.2 Polearms
 + Level 0.2 Staves
 + Level 0.2 Ranged Weapons
 + Level 2.4 Throwing
 + Level 0.2 Armour
 + Level 0.2 Dodging
 + Level 2.2 Stealth
 + Level 0.2 Shields
 + Level 0.2 Unarmed Combat
 + Level 2.6 Spellcasting
 + Level 0.1 Conjurations
 + Level 3.6 Hexes
 + Level 0.1 Summonings
 + Level 0.1 Necromancy
 + Level 0.1 Translocations
 + Level 0.1 Transmutations
 + Level 0.1 Fire Magic
 + Level 0.1 Ice Magic
 + Level 0.1 Air Magic
 + Level 0.1 Earth Magic
 + Level 7.0 Poison Magic
 + Level 0.3 Invocations
 + Level 2.4 Evocations


You had 3 spell levels left.
You knew the following spells:

 Your Spells              Type           Power      Damage    Failure   Level
a - Sting                 Tmut/Pois      48%        1d5       28%         1
b - Slow                  Hex            48%        N/A       26%         1

Your spell library contained the following spells:

 Spells                   Type           Power      Damage    Failure   Level
 Poisonous Vapours        Pois/Air       24%        N/A       38%         2
 Inner Flame              Hex/Fire       7%         N/A       86%         3
 Corpse Rot               Necr/Pois/Air  8%         N/A       99%         4

Inventory:

Hand Weapons
 a - a +0 club (weapon)
Armour
 c - a +0 robe
 e - a +0 scale mail (worn)
Scrolls
 b - a scroll of summoning
 f - a scroll of vulnerability {unknown}
Miscellaneous
 d - a piece from Xom's chessboard (15/15) (quivered)

Dungeon Overview and Level Annotations

Branches:
Dungeon (1/15)

Altars:

....)#.##.##.#.######.###########
.#.........#.#.#.............
#...#.#####.#.##.###.######.
#.(.......#.#.##.# #.#
#...#.###.#.#.##.###.# #...#.#
#.#.##.....# #...#.# #........#
#...#.###.######...#.#
.#..#.#....)..J@.....#
######.#.......##.#.###
.......#.......##.#.#
########.......##.#.#
#...)...##.#.# #.#........#
#.#........# # #........#


You could see an endoplasm.


Message History

You are too injured to fight recklessly!
You are too injured to fight recklessly!
The hobgoblin closely misses you.
The endoplasm hits you but does no damage.
The frilled lizard attacks as you move away!
The frilled lizard bites you but does no damage.
The hobgoblin hits you.
* * * LOW HITPOINT WARNING * * *
The hobgoblin attacks as you move away! The hobgoblin hits you.
* * * LOW HITPOINT WARNING * * *
You hit the hobgoblin.
The hobgoblin is severely wounded.
The hobgoblin closely misses you.
You hit the hobgoblin but do no damage.
The hobgoblin is severely wounded.
The hobgoblin closely misses you.
You hit the hobgoblin.
You kill the hobgoblin!
You barely miss the frilled lizard.
The frilled lizard bites you but does no damage.
The frilled lizard closely misses you.
You closely miss the frilled lizard. The frilled lizard bites you.
* * * LOW HITPOINT WARNING * * *
You hit the frilled lizard.
You kill the frilled lizard!
You hit the endoplasm.
The endoplasm is moderately wounded.
The endoplasm freezes you.
You are frozen.
You die...

Action                   || total
-------------------------++-------
Melee: Club              ||    17
Armor: Scale mail        ||     5
Dodge: Dodged            ||    12

Levels and vault maps discovered:
D:1:      dpeg_arrival_short_road, layout_basic

Notes
Turn   | Place    | Note
-------+----------+-------------------------------------------
     0 | D:1      | xzight the Gnoll Wanderer began the quest for the Orb.
     0 | D:1      | xzight set off with the following items: a +0 club, a
                  | scroll of summoning, a +0 robe, a piece from Xom's
                  | chessboard (15/15); and the following spells available to
                  | memorise: Slow, Sting, Poisonous Vapours, Inner Flame,
                  | Corpse Rot.
     0 | D:1      | Reached XP level 1. HP: 13/13 MP: 4/4
     2 | D:1      | Learned a level 1 spell: Sting
     4 | D:1      | Learned a level 1 spell: Slow
   222 | D:1      | HP: 1/13 [frilled lizard (2)]
   224 | D:1      | Frozen to death by an endoplasm

Vanquished Creatures
  3 goblins (D:1)
  A hobgoblin (D:1)
  A frilled lizard (D:1)
5 creatures vanquished.

Table legend: (Time is in decaauts)
 A = Elapsed time spent in this place.
 B = Non-inter-level travel time spent in this place.
 C = Inter-level travel time spent in this place.
 D = Time resting spent in this place.
 E = Time spent auto-exploring this place.
 F = Levels seen in this place.
 G = Mean time per level.
                   A        B        C        D        E       F      G
               +--------+--------+--------+--------+--------+-----+--------+
         Total |    228 |    228 |      0 |      0 |    166 |   1 |  228.0 |
       Dungeon |    228 |    228 |      0 |      0 |    166 |   1 |  228.0 |
               +--------+--------+--------+--------+--------+-----+--------+

Top non-repeatable levels by time:
     D:1: 228 daAuts

Table legend:
 A = Non-vault XP
 B = Vault XP
 C = Vault XP percentage of total XP
 D = Non-vault monster count
 E = Vault monster count
 F = Vault count percentage of total count
                 A         B        C        D         E       F
            +---------+---------+-------+---------+---------+-------
      Total |       9 |       0 |   0.0 |       5 |       0 |   0.0
            +---------+---------+-------+---------+---------+-------
        D:1 |       9 |       0 |   0.0 |       5 |       0 |   0.0
            +---------+---------+-------+---------+---------+-------
